 Dungeon Crawl Stone Soup version 0.31-a0-662-g684573625c (webtiles) character file.

Game seed: 3132746910611548905

54 jlumianski the Trooper (level 3, 0/29 HPs)
             Began as a Demonspawn Fighter on Aug 31, 2023.
             Slain by a worm (6 damage)
             ... on level 2 of the Dungeon.
             The game lasted 00:04:44 (901 turns).

jlumianski the Trooper (Demonspawn Fighter)          Turns: 901, Time: 00:04:44

Health: 0/29       AC:  8    Str: 18    XL:     3   Next: 66%
Magic:  3/3        EV:  9    Int:  9    God:
Gold:   105        SH:  8    Dex: 12    Spells: 2/2 levels left

rFire   . . .        a - +0 war axe
rCold   . . .        c - +0 buckler
rNeg    . . .        b - +0 scale mail
rPois   .            l - +1 helmet
rElec   .            (no cloak)
rCorr   .            (no gloves)
SInv    .            (no boots)
Will    .....        (no amulet) Stlth
                     (no ring)
HPRegen 0.24/turn    (no ring)
MPRegen 0.08/turn

%: no passive effects
@: no status effects
A: condensation shield
a: no special abilities


You were on level 2 of the Dungeon.
You visited 1 branch of the dungeon, and saw 2 of its levels.

You collected 105 gold pieces.

Inventory:

Hand Weapons
 a - a +0 war axe (weapon)
 o - a +2 dagger of venom
Missiles
 h - 19 stones (quivered)
Armour
 b - a +0 scale mail (worn)
 c - a +0 buckler (worn)
 l - a +1 helmet (worn)
Scrolls
 i - 2 scrolls of teleportation {unknown}
 j - a scroll of blinking
 n - a scroll of revelation {unknown}
Potions
 d - a potion of might
 f - a potion of heal wounds
 k - a potion of curing
 m - a potion of haste
 p - a potion of degeneration


   Skills:
 + Level 3.4 Fighting
 + Level 2.3 Axes
 + Level 3.1 Armour
 + Level 0.2 Dodging
 + Level 3.1 Shields


You had 2 spell levels left.
You didn't know any spells.
Your spell library contained the following spells:

 Spells                   Type           Power      Damage    Failure   Level
 Sting                    Tmut/Pois      0%         1d3       85%         1
 Polar Vortex             Ice            0%         N/A       100%        9


Dungeon Overview and Level Annotations

Branches:
Dungeon (2/15)

Altars:


Innate Abilities, Weirdness & Mutations

A meltable shield of frost defends you. (SH +4)


Message History

You slash the goblin!
You kill the goblin!
A rat comes into view.
An endoplasm and a worm come into view.
The endoplasm quivers.
Things that are here:
a +0 dagger; a +0 leather armour; a goblin corpse You hit the rat but do no damage.
You block the rat's attack.
You barely miss the rat. You slash the endoplasm!
You kill the endoplasm!
The rat closely misses you. The rat bites you.
You barely miss the rat. You barely miss the worm. The rat barely misses you.
The worm bites you.
You slash the rat!
You kill the rat!
You hit the worm. The worm bites you but does no damage.
You see here a rat corpse.
The worm bites you.
You barely miss the worm. The worm bites you but does no damage.
You barely miss the worm. You barely miss the worm. The worm bites you!
You slash the worm!
The worm is severely wounded.
The worm bites you.
You barely miss the worm.
The worm is severely wounded.
The worm bites you but does no damage.
You completely miss the worm.
The worm is heavily wounded.
The worm barely misses you.
You hit the worm.
The worm is severely wounded.
The worm bites you!
* * * LOW HITPOINT WARNING * * *
You completely miss the worm.
The worm is severely wounded.
You barely miss the worm.
The worm is severely wounded.
The worm bites you.
You die...

... ### .... .###
###.#####....
....########..$..!.....
..........."..........
.........$.........# .
.......<...........#....
##....%....)..†w@.......
####..........#.....#..
###.................
###)..###...###.#...
##...#.# ##...# .# ..
#..###.# ##.... # . #.##
#.. #..#.. #.# ##.#
#..... ......... #.# .#
... ....#


You could see a worm.

Vanquished Creatures
  2 adders (D:2)
  2 dart slugs
  3 bats (D:1)
  4 endoplasms
  A giant cockroach (D:1)
  2 goblins (D:2)
  3 hobgoblins (D:1)
  2 quokkas (D:1)
  2 ball pythons (D:1)
  3 frilled lizards (D:1)
  4 kobolds (D:1)
  4 rats
32 creatures vanquished.

Notes
Turn   | Place    | Note
-------+----------+-------------------------------------------
     0 | D:1      | jlumianski the Demonspawn Fighter began the quest for the
                  | Orb.
     0 | D:1      | Reached XP level 1. HP: 18/18 MP: 1/1
   245 | D:1      | Gained mutation: A meltable shield of frost defends you.
                  | (SH +4) [demonic ancestry]
   245 | D:1      | Reached XP level 2. HP: 20/24 MP: 2/2
   421 | D:2      | Reached XP level 3. HP: 29/29 MP: 3/3
   657 | D:1      | Got the Encyclopedia of Glacial Composition
   901 | D:2      | Slain by a worm

Illustrated notes

Levels and vault maps discovered:
D:1:      psy_arrival_basics, layout_basic, serial_glass, glass_columns_b,
          glass_columns_a, amcnicky_mini_pool_small, fountainhead
D:2:      layout_rooms, kennysheep_path_1, kennysheep_potato, uniq_sigmund

Skill      XL: |  1  2 |
---------------+-------+-----
Axes           | 2 |  2.3
Armour         | 3 |  3.1
Shields        | 3 |  3.1
Fighting       | |  3.4
Dodging        | |  0.2

Action                     || total
---------------------------++-------
  Melee: War axe           ||   106
    Use: Scroll            ||     5
         Potion            ||     2
 Armour: Scale mail        ||    70
  Dodge: Dodged            ||    41
  Block: Buckler           ||    43

Table legend: (Time is in decaauts)
 A = Elapsed time spent in this place.
 B = Non-inter-level travel time spent in this place.
 C = Inter-level travel time spent in this place.
 D = Time resting spent in this place.
 E = Time spent auto-exploring this place.
 F = Levels seen in this place.
 G = Mean time per level.
                   A        B        C        D        E       F      G
               +--------+--------+--------+--------+--------+-----+--------+
         Total |    951 |    939 |     12 |     64 |    420 |   2 |  475.5 |
       Dungeon |    951 |    939 |     12 |     64 |    420 |   2 |  475.5 |
               +--------+--------+--------+--------+--------+-----+--------+

Top non-repeatable levels by time:
     D:1: 816 daAuts
     D:2: 135 daAuts
